 Dungeon Crawl Stone Soup version 0.30.1-4-g462c640d31 (webtiles) character file.

Game seed: 12654896309774105333

7 ToastKing the Covered (level 2, 19/19 HPs)
             Began as a Gargoyle Fighter on Aug 23, 2023.
             Quit the game on level 1 of the Dungeon.
             The game lasted 00:04:11 (214 turns).

ToastKing the Covered (Gargoyle Fighter)             Turns: 214, Time: 00:04:11

Health: 19/19      AC:  9    Str: 19    XL:     2   Next: 0%
Magic:  2/2        EV:  9    Int:  8    God:
Gold:   15         SH:  4    Dex:  9    Spells: 1/1 levels left

rFire   . . .        a - +0 flail
rCold   . . .        c - +0 buckler
rNeg    + . .        b - +0 scale mail
rPois   ∞            (no helmet)
rElec   +            (no cloak)
rCorr   .            (no gloves)
SInv    .            (no boots)
Will    .....        (no amulet) Stlth
                     (no ring)
HPRegen 0.23/turn    (no ring)
MPRegen 0.08/turn

%: no passive effects
@: no status effects
A: sickness immunity, AC +2, negative energy resistance 1, electricity
resistance, torment resistance 1, petrification resistance
a: no special abilities


You were on level 1 of the Dungeon.
You visited 1 branch of the dungeon, and saw 1 of its levels.

You collected 15 gold pieces.

Inventory:

Hand Weapons
 a - a +0 flail (weapon)
 g - a +0 hand axe
Armour
 b - a +0 scale mail (worn)
 c - a +0 buckler (worn)
Scrolls
 e - a scroll of poison {unknown}
 f - a scroll of silence {unknown}
 h - a scroll of identify {unknown}
Potions
 d - a potion of might


   Skills:
 + Level 3.4 Fighting
 + Level 2.0 Maces & Flails
 + Level 3.5 Armour
 + Level 3.4 Shields


You had one spell level left.
You didn't know any spells.
Your spell library was empty.

Dungeon Overview and Level Annotations

Branches:
Dungeon (1/15)

Altars:


Innate Abilities, Weirdness & Mutations

You are immune to sickness and miasma.
Your stone body is resilient. (AC +2)
You are immune to poison.
You resist negative energy. (rN+)
You are resistant to electric shocks. (rElec)
You are resistant to unholy torment.
You are immune to petrification.


Message History

h - a scroll labelled SAIRATOUNU A hobgoblin comes into view.
You hit the hobgoblin.
You kill the hobgoblin!
You see here a hobgoblin corpse.
A kobold comes into view. It is wielding a +0 short sword.
The kobold shouts!
A ball python comes into view.
The kobold closely misses you.
The ball python hisses angrily.
You hit the kobold.
You kill the kobold!
You hear an angry hiss.
A ball python comes into view.
Things that are here:
a +0 short sword; a stone; a kobold corpse
There are monsters nearby!
There are monsters nearby!
The ball python barely misses you. The ball python grabs you.
The ball python constricts you.
You hit the ball python.
You kill the ball python!
Saving game... please wait.
Welcome back, ToastKing the Gargoyle Fighter.
Press ? for a list of commands and other information.
You hit the ball python but do no damage.
You block the ball python's attack. The ball python grabs you.
The ball python constricts you. You block the ball python's attack.
The ball python constricts you.
You hit the ball python.
You kill the ball python!
You have reached level 2!
Unknown command.
Unknown command.
Saving game... please wait.
Welcome back, ToastKing the Gargoyle Fighter.
Press ? for a list of commands and other information.
No target in view!
Unknown command.
Are you sure you want to abandon this character and quit the game? (Confirm with "yes".)

###...#.###.#####.###
.....##.# ###.....#
####.##.# #.#####
####.##.# #.#
........# #.#
###...### #.#
##.....######.####
#.......##.....(.#
.........#......@#
....>....+.......#
.........#........#
#.......##........#
##.....###........#
#.#.#)# #.#.#.#..#
...............#.#
.#.#.#.#.#.#.#.# .#
........>.. .. .#


There were no monsters in sight!

Vanquished Creatures
  2 ball pythons (D:1)
  A hobgoblin (D:1)
  A kobold (D:1)
  A quokka (D:1)
  A bat (D:1)
6 creatures vanquished.

Notes
Turn   | Place    | Note
-------+----------+-------------------------------------------
     0 | D:1      | ToastKing the Gargoyle Fighter began the quest for the Orb.
     0 | D:1      | Reached XP level 1. HP: 14/14 MP: 1/1
   214 | D:1      | Reached XP level 2. HP: 19/19 MP: 2/2
   214 | D:1      | Quit the game

Illustrated notes

Levels and vault maps discovered:
D:1:      dpeg_arrival_chambers_temple_mockup, layout_loops_corners,
          st_stairs_12, nicolae_shop_unique_rings

Action                     || total
---------------------------++-------
  Melee: Flail             ||     7
  Dodge: Dodged            ||     2
  Block: Buckler           ||     2
